 Dungeon Crawl Stone Soup version 0.29-a0-577-gafbf2c5d25 (webtiles) character file.

Game seed: 2129856987247063840

4 DocClef the Sneak (level 1, 0/19 HPs)
             Began as a Draconian Delver on June 13, 2022.
             Slain by a quokka (2 damage)
             ... on level 5 of the Dungeon.
             The game lasted 00:00:16 (82 turns).

DocClef the Sneak (Draconian Delver)                  Turns: 82, Time: 00:00:16

Health: 0/19       AC:  4    Str: 14    XL:     1   Next: 50%
Magic:  1/1        EV: 12    Int: 10    God:
Gold:   33         SH:  0    Dex: 12    Spells: 0/0 levels left

rFire   . . .      SeeInvis .   a - +0 short sword
rCold   . . .      Faith    .   (no shield)
rNeg    . . .      Spirit   .   (body armour unavailable)
rPois   .          Reflect  .   (helmet restricted)
rElec   .          Harm     .   (no cloak)
rCorr   .          Rampage  .   (no gloves)
Will    .....                   (no boots)
Stlth   +++.......              (no amulet)
HPRegen 0.06/turn               (no ring)
MPRegen 0.07/turn               (no ring)

@: no status effects
A: AC +4, unfitting armour, cold-blooded
a: no special abilities


You were on level 5 of the Dungeon.
You visited 1 branch of the dungeon, and saw 2 of its levels.

You collected 33 gold pieces.

Inventory:

Hand Weapons
 a - a +0 short sword (weapon)
Wands
 f - a wand of digging (3)
Scrolls
 b - a scroll of fog
 c - a scroll of magic mapping
 d - a scroll of fear
Potions
 e - a potion of haste


   Skills:
 + Level 3.3 Fighting
 + Level 2.1 Short Blades
 + Level 1.8 Dodging
 + Level 4.5 Stealth


You couldn't memorise any spells.
You didn't know any spells.
Your spell library contained the following spells:

 Spells                   Type           Power      Damage    Failure   Level
 Necrotize                Necr           0%         1d4       36%         1
 Vampiric Draining        Necr           0%         2d6       75%         3
 Agony                    Necr           0%         N/A       100%        5


Dungeon Overview and Level Annotations

Branches:
Dungeon (5/15)
 Temple: D:4-7

Altars:

Shops:
D:5 *


Innate Abilities, Weirdness & Mutations

Your plain brown scales are hard. (AC +4)
You cannot fit into any form of body armour.
You are cold-blooded and may be slowed by cold attacks.


Message History

The quokka barely misses you. The goblin hits you but does no damage.
You hit the giant cockroach.
You kill the giant cockroach!
The quokka closely misses you. The goblin closely misses you.
You hit the goblin.
You kill the goblin!
The quokka barely misses you.
You closely miss the quokka. The quokka bites you.
The ball python misses you. x2
You closely miss the quokka. The ball python barely misses you.
The ball python closely misses you. The quokka bites you.
You are too injured to fight recklessly!
You are too injured to fight recklessly!
You are too injured to fight recklessly!
You are too injured to fight recklessly!
You are too injured to fight recklessly!
You are too injured to fight recklessly!
You are too injured to fight recklessly!
You are too injured to fight recklessly!
You are too injured to fight recklessly!
You are too injured to fight recklessly!
You are too injured to fight recklessly!
You are too injured to fight recklessly!
You are too injured to fight recklessly!
You are too injured to fight recklessly!
You are too injured to fight recklessly!
The ball python attacks as you move away!
The ball python bites you. x2; The ball python grabs you.
The ball python constricts you.
The quokka bites you but does no damage.
You escape the ball python's grasp.
The quokka attacks as you move away! The quokka completely misses you.
There is a stone staircase leading down here.
The quokka bites you.
* * * LOW HITPOINT WARNING * * *
The ball python barely misses you. x2
You climb downwards.
There is a stone staircase leading up here.
You barely miss the quokka. The quokka barely misses you.
You hit the quokka but do no damage. The quokka bites you.
You die...

########.
#@r......
#########
#.# #.#
....##.#
...##.#


You could see a quokka.

Vanquished Creatures
  A giant cockroach (D:4)
  A goblin (D:4)
  A kobold (D:4)
3 creatures vanquished.

Notes
Turn   | Place    | Note
-------+----------+-------------------------------------------
     0 | D:5      | DocClef the Draconian Delver began the quest for the Orb.
     0 | D:5      | Reached XP level 1. HP: 19/19 MP: 1/1
    28 | D:5      | Found Itistiog's Assorted Antiques.
    35 | D:5      | Noticed a hound
    69 | D:4      | Noticed a black bear
    82 | D:5      | Slain by a quokka

Illustrated notes

Levels and vault maps discovered:
D:4:      layout_rooms, minmay_surrounded
D:5:      layout_basic, nzn_wu_jian_contemplation, grunt_temple_overflow_open,
          serial_shops, nicolae_stop_n_shop_2

Action                   || total
-------------------------++-------
Melee: Short sword       ||    17
Armor: Skin              ||     6
Dodge: Dodged            ||    22

Table legend: (Time is in decaauts)
 A = Elapsed time spent in this place.
 B = Non-inter-level travel time spent in this place.
 C = Inter-level travel time spent in this place.
 D = Time resting spent in this place.
 E = Time spent auto-exploring this place.
 F = Levels seen in this place.
 G = Mean time per level.
                   A        B        C        D        E       F      G
               +--------+--------+--------+--------+--------+-----+--------+
         Total |     81 |     81 |      0 |      0 |     44 |   2 |   40.5 |
       Dungeon |     81 |     81 |      0 |      0 |     44 |   2 |   40.5 |
               +--------+--------+--------+--------+--------+-----+--------+

Top non-repeatable levels by time:
     D:5: 42 daAuts
     D:4: 38 daAuts
